 Dungeon Crawl Stone Soup version 0.30.0-10-gfe55d96785 (webtiles) character file.

Game seed: 4835400326104870306

843 CaptainMV the Conjurer (level 7, 0/49 HPs)
             Began as a Demonspawn Conjurer on May 15, 2023.
             Slain by Ijyb
             ... wielding a +0 mace
              (2 damage)
             ... on level 5 of the Dungeon.
             The game lasted 00:35:15 (2623 turns).

CaptainMV the Conjurer (Demonspawn Conjurer)        Turns: 2623, Time: 00:35:17

Health: 0/49       AC:  7    Str:  8    XL:     7   Next: 68%
Magic:  2/22       EV: 12    Int: 21    God:
Gold:   291        SH:  0    Dex: 11    Spells: 8/14 levels left

rFire   . . .        a - +0 scythe
rCold   . . .        (shield currently unavailable)
rNeg    . . .        d - +0 robe
rPois   .            (no helmet)
rElec   .            p - scarf {harm}
rCorr   .            x - +0 pair of gloves
SInv    .            (no boots)
Will    .....        (no amulet)
Stlth   ++           j - ring of magical power
HPRegen 0.28/turn    o - +4 ring of protection
MPRegen 0.18/turn

%: harm (+30% outgoing, +20% incoming)
@: mighty
A: powered by pain 2, demonic touch 2
a: no special abilities


You were on level 5 of the Dungeon.
You visited 1 branch of the dungeon, and saw 5 of its levels.

You collected 291 gold pieces.

Inventory:

Hand Weapons
 a - a +0 scythe (weapon)
 b - a +1 shortbow
Missiles
 t - 5 boomerangs (quivered)
 w - 2 javelins
Armour
 d - a +0 robe (worn)
 p - a scarf of harm (worn)
 x - a +0 pair of gloves (worn)
Jewellery
 j - a ring of magical power (left hand)
 k - a ring of resist corrosion
 m - a +6 ring of strength
 o - a +4 ring of protection (right hand)
 s - an amulet of the acrobat
 u - a ring of poison resistance
 z - a +4 ring of protection
Wands
 g - a wand of flame (3)
Scrolls
 e - a scroll of magic mapping
 f - a scroll of vulnerability
 n - 2 scrolls of teleportation
 y - a scroll of silence
Potions
 h - 3 potions of magic
 q - 3 potions of attraction
 A - 2 potions of brilliance {unknown}


   Skills:
 + Level 1.8 Fighting
 + Level 0.9 Short Blades
 + Level 0.8 Polearms
 + Level 1.5 Ranged Weapons
 + Level 2.5 Dodging
 + Level 3.9 Stealth
 + Level 4.2 Spellcasting
 + Level 5.9 Conjurations
 + Level 1.7 Hexes
 + Level 1.5 Fire Magic


You had 8 spell levels left.
You knew the following spells:

 Your Spells              Type           Power      Damage    Failure   Level
a - Magic Dart            Conj           100%       1d8       1%          1
b - Searing Ray           Conj           58%        2d6       1%          2
c - Inner Flame           Hex/Fire       11%        N/A       19%         3

Your spell library contained the following spells:

 Spells                   Type           Power      Damage    Failure   Level
 Dazzling Flash           Conj/Hex       40%        N/A       8%          3
 Summon Small Mammal      Summ           16%        N/A       12%         1
 Mephitic Cloud           Conj/Pois/Air  12%        N/A       16%         3
 Call Imp                 Summ           8%         N/A       19%         2
 Fulminant Prism          Conj/Hex       10%        3d8       24%         4
 Summon Guardian Golem    Hex/Summ       8%         N/A       26%         3
 Call Canine Familiar     Summ           4%         N/A       34%         3
 Iskenderun's Mystic Bla  Conj/Tloc      16%        2d5       34%         4
 Yara's Violent Unravell  Hex/Tmut       4%         3d4       93%         5
 Enfeeble                 Hex            5%         N/A       100%        7


Dungeon Overview and Level Annotations

Branches:
Dungeon (5/15)
 Temple: D:4-7

Altars:
Yredelemnul

Annotations:
D:5 Ijyb


Innate Abilities, Weirdness & Mutations

You sometimes gain power by taking damage.
Your touch may inflict irresistible damage on your foes.


Message History

The magic dart hits Ijyb but does no damage.
Ijyb is severely wounded.
Ijyb hits you with a +0 mace.
* * * LOW HITPOINT WARNING * * *
You feel better. Ijyb hits you with a +0 mace.
* * * LOW HITPOINT WARNING * * *
You barely miss Ijyb.
Ijyb is severely wounded.
Ijyb hits you with a +0 mace.
* * * LOW HITPOINT WARNING * * *
You closely miss Ijyb.
Ijyb is heavily wounded.
Ijyb zaps a wand.
You resist with some effort. Ijyb closely misses you.
Aiming: Throw Flame
Press: ? - help, Q - select action, (/) - cycle Shift-Dir - straight line, f/p - Ijyb
Aim: Ijyb, wielding a +0 mace, wearing a +1 leather armour of cold resistance and carrying a wand of paralysis (11) (heavily wounded, 60% to hit)
The puff of flame misses Ijyb.
Ijyb barely misses you.
Aiming: Throw Flame
Press: ? - help, Q - select action, (/) - cycle Shift-Dir - straight line, f/p - Ijyb
Aim: Ijyb, wielding a +0 mace, wearing a +1 leather armour of cold resistance and carrying a wand of paralysis (11) (heavily wounded, 60% to hit)
The puff of flame hits Ijyb.
Ijyb is almost dead.
Ijyb zaps a wand.
You suddenly lose the ability to move!
Ijyb zaps a wand.
You resist with some effort. Ijyb hits you but does no damage.
Ijyb hits you with a +0 mace.
* * * LOW HITPOINT WARNING * * *
You can move again.
Aiming: Throw Flame
Press: ? - help, Q - select action, (/) - cycle Shift-Dir - straight line, f/p - Ijyb
Aim: Ijyb, wielding a +0 mace, wearing a +1 leather armour of cold resistance and carrying a wand of paralysis (9) (almost dead, 60% to hit)
The puff of flame misses Ijyb.
Ijyb zaps a wand.
You shrug off the repeated paralysis!
Aiming: Throw Flame
Press: ? - help, Q - select action, (/) - cycle Shift-Dir - straight line, f/p - Ijyb
Aim: Ijyb, wielding a +0 mace, wearing a +1 leather armour of cold resistance and carrying a wand of paralysis (8) (almost dead, 60% to hit)
The puff of flame misses Ijyb.
Ijyb hits you with a +0 mace.
You die...

.. ..## ..# #)##
####..# $..<.# #.)###
#))g)#######
#....##@......#
#######.......#
##......# #+#
######......#### ..#
#..............## ..
#...........##..# #.##
#....†.########.###..#
#......# #...##.#
#......# ###....>


You could see Ijyb.

Vanquished Creatures
  Sigmund (D:3)
  Eustachio (D:5)
  A water moccasin (D:5)
  A centaur (D:5)
  A howler monkey (D:5)
  2 hounds
  A jelly (D:5)
  An orc wizard (D:5)
  12 gnolls (D:5)
  3 adders
  An ufetubus (D:4)
  A worm (D:2)
  2 dart slugs
  3 orcs
  4 ball pythons (D:1)
  A bat (D:2)
  6 endoplasms
  3 giant cockroaches
  5 goblins
  6 hobgoblins
  6 jackals
  3 quokkas
  9 frilled lizards
  2 kobolds (D:2)
  3 rats
  A spectral orc (D:3)
80 creatures vanquished.

Notes
Turn   | Place    | Note
-------+----------+-------------------------------------------
     0 | D:1      | CaptainMV the Demonspawn Conjurer began the quest for the
                  | Orb.
     0 | D:1      | Reached XP level 1. HP: 13/13 MP: 3/3
   169 | D:1      | Gained mutation: Your touch may inflict minor irresistible
                  | damage on your foes. [demonic ancestry]
   169 | D:1      | Reached XP level 2. HP: 19/19 MP: 0/5
   534 | D:1      | Gained mutation: You sometimes gain a little power by
                  | taking damage. [demonic ancestry]
   534 | D:1      | Reached XP level 3. HP: 24/24 MP: 6/6
   585 | D:1      | Learned a level 2 spell: Searing Ray
  1190 | D:3      | Learned a level 3 spell: Inner Flame
  1287 | D:3      | Found a basalt altar of Yredelemnul.
  1427 | D:3      | Noticed Sigmund
  1437 | D:3      | Killed Sigmund
  1438 | D:3      | Reached skill level 5 in Conjurations
  1438 | D:3      | Gained mutation: You sometimes gain power by taking damage.
                  | [demonic ancestry]
  1438 | D:3      | Reached XP level 4. HP: 30/31 MP: 7/8
  1438 | D:3      | Reached XP level 5. HP: 35/36 MP: 7/9
  1543 | D:3      | Reached skill level 1 in Ranged Weapons
  1976 | D:4      | Gained mutation: Your touch may inflict irresistible damage
                  | on your foes. [demonic ancestry]
  1976 | D:4      | Reached XP level 6. HP: 42/42 MP: 11/11
  2349 | D:5      | Entered Level 5 of the Dungeon
  2388 | D:5      | Reached skill level 1 in Fighting
  2454 | D:5      | Noticed Eustachio
  2476 | D:5      | Killed Eustachio
  2477 | D:5      | Reached skill level 1 in Hexes
  2477 | D:5      | Reached skill level 1 in Fire Magic
  2477 | D:5      | Reached XP level 7. HP: 26/48 MP: 0/12
  2546 | D:5      | Noticed Ijyb
  2611 | D:5      | HP: 2/49 [Ijyb/+0 mace (7)]
  2618 | D:5      | Paralysed by Ijyb for 4 turns
  2621 | D:5      | HP: 2/49 [Ijyb/+0 mace (6)]
  2623 | D:5      | Slain by Ijyb

Illustrated notes

Levels and vault maps discovered:
D:1:      minmay_arrival_radiant_lines, layout_basic, serial_shops, shop
D:2:      layout_rooms, serial_forest, infiniplex_forest_end_double,
          infiniplex_forest_zigzag_1, infiniplex_forest_3_way,
          infiniplex_forest_lined_room_, infiniplex_forest_corner_1,
          infiniplex_forest_lined_2, infiniplex_forest_clump_small
D:3:      layout_loops_ring, yredelemnul_forgotten_temple_becter,
          minmay_lizard_king, uniq_sigmund
D:4:      layout_cave_pods, tgw_kikubaaqudgha
D:5:      layout_basic, pf_guarded_unrand_delatra, uniq_eustachio, uniq_pikel,
          uniq_ijyb

Skill      XL: |  1  2  3  4  5  6  7 |
---------------+----------------------+-----
Stealth        | 2 3 |  3.9
Dodging        | 2 |  2.5
Spellcasting   | 3 4 |  4.2
Conjurations   | 5 |  5.9
Ranged Weapons | 1 |  1.5
Fighting       | 1 |  1.8
Hexes          | 1 |  1.7
Fire Magic     | 1 |  1.5
Short Blades   | |  0.9
Polearms       | |  0.8

Action                     |  1- 3 |  4- 6 |  7- 9 || total
---------------------------+-------+-------+-------++-------
  Melee: Dagger            |    35 |       |       ||    35
         Touch             |     4 |       |       ||     4
         Halberd           |       |    10 |    22 ||    32
   Fire: Sling             |     4 |       |       ||     4
         Shortbow          |       |     2 |     6 ||     8
   Cast: Magic Dart        |    29 |     1 |     3 ||    33
         Searing Ray       |    17 |    18 |     5 ||    40
         Inner Flame       |     1 |     8 |     3 ||    12
  Evoke: Wand              |       |       |     6 ||     6
    Use: Scroll            |    10 |     3 |       ||    13
         Potion            |       |     1 |     6 ||     7
   Stab: Sleeping          |     4 |       |       ||     4
 Armour: Robe              |     7 |    11 |     9 ||    27
         Skin              |       |       |    39 ||    39
  Dodge: Dodged            |    24 |    14 |    19 ||    57
